 Dungeon Crawl Stone Soup version 0.30-a0-1160-g6e42c06551 (webtiles) character file.

Game seed: 11529117392539603738

102790 NateTC the Devastator (level 16, -3/96 HPs)
             Began as a Gargoyle Earth Elementalist on Apr 26, 2023.
             Was a High Priest of Vehumet.
             Constricted to death by a shambling mangrove (23 damage)
             ... on level 3 of the Swamp on Apr 27, 2023.
             The game lasted 02:38:55 (33975 turns).

NateTC the Devastator (GrEE)                       Turns: 33975, Time: 02:38:56

Health: -3/96      AC: 21    Str: 15    XL:     16   Next: 34%
Magic:  13/40      EV: 11    Int: 31    God:    Vehumet [*****.]
Gold:   1041       SH:  5    Dex: 10    Spells: 4/38 levels left

rFire   . . .        H - staff of earth
rCold   + + +        Y - +0 buckler
rNeg    + . .        F - +2 robe {rC+}
rPois   ∞            j - +1 helmet "Xeidghid" {rC+ MP+9 Str+4}
rElec   +            p - scarf {repulsion}
rCorr   .            o - +1 pair of gloves
SInv    .            s - +0 pair of boots
Will    +....        P - amulet of the acrobat
Stlth   ++           r - ring of protection from cold
HPRegen 0.36/turn    C - +6 ring of intelligence
MPRegen 0.27/turn

%: repel missiles, acrobat
@: grasped by roots, flying, constricted, studying Dodging
A: sickness immunity, AC +12, big wings, negative energy resistance 1,
electricity resistance, torment resistance 1, petrification resistance, no
potion heal 1
a: Renounce Religion


You were on level 3 of the Swamp.
You worshipped Vehumet.
Vehumet was extremely pleased with you.
You visited 5 branches of the dungeon, and saw 22 of its levels.
You also visited: Ossuary, Bailey, Gauntlet and Ice Cave.

You collected 2640 gold pieces.
You spent 1599 gold pieces at shops.

Inventory:

Armour
 j - the +1 helmet "Xeidghid" (worn) {rC+ MP+9 Str+4}
   (You acquired it on level 3 of the Dungeon)

   Str:       It affects your strength (+4).
   rC:        It protects you from cold.
   MP:        It affects your magic capacity (+9).
 o - a +1 pair of gloves (worn)
 p - a scarf of repulsion (worn)
 s - a +0 pair of boots (worn)
 E - a +2 cloak of willpower
 F - a +2 robe of cold resistance (worn)
 Y - a +0 buckler (worn)
Magical Staves
 G - a staff of air
 H - a staff of earth (weapon)
Jewellery
 r - a ring of protection from cold (left hand)
 y - a ring of see invisible
 z - a ring of resist corrosion
 C - a +6 ring of intelligence (right hand)
 P - an amulet of the acrobat (around neck)
 U - a ring of ice
 V - a ring of positive energy
Wands
 f - a wand of paralysis (13)
 D - a wand of iceblast (38)
 L - a wand of mindburst (27)
 N - a wand of light (7)
 T - a wand of flame (15)
 W - a wand of digging (4)
Scrolls
 a - 2 scrolls of blinking
 b - 6 scrolls of enchant weapon
 i - 4 scrolls of teleportation
 u - 4 scrolls of poison
 w - 4 scrolls of summoning
 I - a scroll of amnesia
 K - 15 scrolls of identify
 O - a scroll of fog
 Q - 2 scrolls of magic mapping
Potions
 c - 7 potions of invisibility
 d - a potion of cancellation
 e - 9 potions of brilliance
 g - 8 potions of degeneration
 h - 3 potions of lignification
 k - 3 potions of berserk rage
 l - 3 potions of flight
 m - 6 potions of ambrosia
 n - 10 potions of curing
 q - 5 potions of might
 t - 6 potions of attraction
 x - 7 potions of haste
 A - 3 potions of heal wounds
 B - 2 potions of mutation
 S - a potion of resistance
Miscellaneous
 J - a box of beasts


   Skills:
 - Level 9.0 Fighting
 - Level 3.0 Armour
 - Level 7.9 Dodging
 - Level 2.1 Stealth
 * Level 6.1 Shields
 * Level 11.6 Spellcasting
 - Level 16.1 Conjurations
 - Level 2.1 Summonings
 - Level 4.8 Necromancy
 - Level 8.3 Transmutations
 - Level 3.5 Air Magic
 - Level 15.3 Earth Magic
 - Level 3.2 Evocations


You had 4 spell levels left.
You knew the following spells:

 Your Spells              Type           Power      Damage    Failure   Level
a - Sandblast             Erth           100%       2d20      0%          1
b - Stone Arrow           Conj/Erth      100%       3d13      0%          3
c - Irradiate             Conj/Tmut      38%        3d24      1%          5
d - Borgnjor's Vile Clut  Necr/Erth      44%        N/A       1%          5
e - Mephitic Cloud        Conj/Pois/Air  56%        N/A       1%          3
f - Freezing Cloud        Conj/Ice/Air   28%        6-21      1%          5
g - Lehudib's Crystal Sp  Conj/Erth      54%        10d13     10%         8
h - Passage of Golubria   Tloc           18%        N/A       34%         4

Your spell library contained the following spells:

 Spells                   Type           Power      Damage    Failure   Level
 Magic Dart               Conj           100%       1d8       0%          1
 Searing Ray              Conj           100%       2d8       0%          2
 Necrotise                Necr           100%       1d9       1%          1
 Sting                    Tmut/Pois      100%       1d8       1%          1
 Summon Small Mammal      Summ           100%       N/A       1%          1
 Passwall                 Tmut/Erth      79%        N/A       1%          2
 Poisonous Vapours        Pois/Air       58%        N/A       1%          2
 Wereblood                Tmut           62%        N/A       1%          2
 Hailstorm                Conj/Ice       62%        3d13      1%          3
 Vampiric Draining        Necr           48%        2d9       1%          3
 Fulminant Prism          Conj/Hex       31%        3d16      1%          4
 Leda's Liquefaction      Hex/Erth       39%        N/A       1%          4
 Petrify                  Tmut/Erth      95%        N/A       1%          4
 Slow                     Hex            72%        N/A       3%          1
 Call Canine Familiar     Summ           31%        N/A       4%          3
 Vhi's Electric Charge    Tloc/Air       58%        N/A       4%          3
 Summon Guardian Golem    Hex/Summ       24%        N/A       7%          3
 Olgreb's Toxic Radiance  Pois           18%        N/A       10%         4
 Confusing Touch          Hex            18%        N/A       11%         3
 Portal Projectile        Hex/Tloc       36%        N/A       11%         3
 Tukima's Dance           Hex            18%        N/A       11%         3
 Summon Lightning Spire   Summ/Air       35%        N/A       11%         4
 Anguish                  Hex/Necr       16%        N/A       13%         4
 Cause Fear               Hex            9%         N/A       34%         4
 Arcjolt                  Conj/Air       34%        1d44      1%          5
 Blade Hands              Tmut           31%        N/A       3%          5
 Yara's Violent Unravell  Hex/Tmut       21%        3d10      5%          5
 Agony                    Necr           48%        N/A       13%         5
 Alistair's Intoxication  Tmut/Pois      28%        N/A       19%         5
 Eringya's Noxious Bog    Tmut/Pois      21%        N/A       24%         6
 Silence                  Hex/Air        14%        N/A       43%         5
 Plasma Beam              Fire/Air       14%        2x1d28    52%         6
 Summon Forest            Summ/Tloc      12%        N/A       54%         5
 Summon Mana Viper        Hex/Summ       24%        N/A       54%         5
 Dragon Form              Tmut           31%        N/A       69%         7
 Simulacrum               Ice/Necr       16%        N/A       89%         6
 Summon Cactus Giant      Summ           15%        N/A       92%         6
 Storm Form               Tmut/Air       26%        N/A       95%         7
 Enfeeble                 Hex            9%         N/A       100%        7
 Discord                  Hex            9%         N/A       100%        8
 Ignition                 Fire           9%         3d5       100%        8
 Maxwell's Capacitive Co  Air            20%        ∞         100%        8


Dungeon Overview and Level Annotations

Branches:
Dungeon (11/15) Zot: 25560  Temple (1/1) D:6 Zot: 5794    Lair (5/5) D:11 Zot: 20425
  Swamp (3/4) Lair:3 Zot: 13863   Snake (2/4) Lair:3 Zot: 7992   Slime (0/5) Lair:4
    Orc (0/2) D:9         Ossuary (visited)          Bailey (visited)
  IceCv (visited)         Gauntlet (visited)

Altars:
Ashenzari
Cheibriados
Dithmenos
Elyvilon
Fedhas
Gozag
Hepliaklqana
Kikubaaqudgha
Makhleb
Nemelex Xobeh
Okawaru
Qazlal
Ru
Sif Muna
Trog
Uskayaw
Vehumet
Wu Jian
Xom
Yredelemnul
Zin
The Shining One
Jiyva
Lugonu

Shops:
D:6 :[   D:7 *   Snake:1 (*

Portals:
Abyss: Lair:5

Annotations:
Swamp:3 exclusion: oklob plant


Innate Abilities, Weirdness & Mutations

You are immune to sickness and miasma.
Your stone body is resilient. (AC +12)
You are immune to poison.
Your large and strong wings let you fly.
You resist negative energy. (rN+)
You are resistant to electric shocks. (rElec)
You are resistant to unholy torment.
You are immune to petrification.
Potions are less effective at restoring your health.


Message History

Zombie hands grab the thorn hunter.
The zombie hands constrict the thorn hunter.
The thorn hunter struggles to escape constriction.
Roots burst forth from the earth!
The grasping roots grab you! The grasping roots constrict you!
The thorn hunter struggles to escape constriction.
Casting: Borgnjor's Vile Clutch (dangerous; 1% risk of failure)
Confirm with . or Enter, or press ? or * to list all spells.
Aiming: Freezing Cloud (dangerous; 1% risk of failure)
Press: ? - help, Dir - move target, f/p - thorn hunter
Aim: a thorn hunter (almost destroyed, constricted by zombie hands) That beam is likely to hit you.
Continue anyway?
Okay, then.
Casting: Freezing Cloud (dangerous; 1% risk of failure)
Confirm with . or Enter, or press ? or * to list all spells.
Aiming: Freezing Cloud (dangerous; 1% risk of failure)
Press: ? - help, Dir - move target, p - thorn hunter The zombie hands constrict the thorn hunter!
You destroy the thorn hunter!
Vehumet accepts your kill.
You feel your power returning.
Your Shields skill increases to level 6!
You escape the roots grasp.
The shambling mangrove is engulfed in freezing vapours.
Roots burst forth from the earth!
The grasping roots grab you! The grasping roots constrict you!
* * * LOW HITPOINT WARNING * * *
Casting: Freezing Cloud (dangerous; 1% risk of failure)
Confirm with . or Enter, or press ? or * to list all spells.
Aiming: Borgnjor's Vile Clutch (dangerous; 1% risk of failure)
Press: ? - help, Shift-Dir - straight line, f - shambling mangrove
Aim: a shambling mangrove (lightly damaged, 100% to hit)
You feel a surge of power!
Zombie hands grab the shambling mangrove.
The zombie hands constrict the shambling mangrove!
The shambling mangrove struggles to escape constriction.
The grasping roots constrict you!!
You die...

P.~~...~~. ♣.....♣♣♣♣♣
♣♣♣~.~~~~ ....~~~ ..
~...P.P♣~♣♣♣♣~.<†~~~~ ~..P...
.♣.P... ♣♣♣~~.....)~~§~
.~~.....♣♣..f♣
♣♣♣.♣~§~~~~.~~~~~ ♣y..♣
♣.§§♣♣♣ ♣~♣♣~~..~~>..~~~~ .♣
.......♣f.♣♣♣~~~~~~....~....~
♣♣
.....f♣♣♣.♣♣.§§~~~~.♣♣.~~~~~~
♣ ♣.....
♣♣..♣~~.~...♣♣♣♣.~.♣♣~ .♣
..... ♣>♣..@....~~♣♣♣.~.♣♣♣♣
..♣ ..... ♣§~§....~≈≈..♣~...♣
..♣ ♣♣[♣ ♣....~~..≈≈.....~♣♣
♣♣ ~♣♣ ♣♣ ♣♣♣♣...~≈≈≈≈~~~..♣
♣♣. ~.♣ ♣♣~..≈≈≈≈≈...♣♣♣♣~.
.... ♣..≈≈≈≈≈≈....♣♣..~ .~~.
♣..≈≈≈≈≈≈≈≈≈.~.... ~~~♣
♣~~.≈≈≈≈≈≈≈≈≈..~.~
♣♣~.≈≈≈≈≈≈≈≈≈..~~.


You could see a shambling mangrove (clutched).

Vanquished Creatures
  Nikola (Swamp:1)
  Rupert (Lair:4)
  Kirke (Lair:4)
  2 thorn hunters (Swamp:3)
  A fenstrider witch (Lair:3)
  A reaper (IceCv)
  2 ghouls (Swamp:3)
  Azrael (Snake:2)
  A bunyip (Swamp:1)
  6 hydras
  3 two-headed ogres
  2 ghost crabs
  3 naga warriors
  5 anacondas
  4 alligators
  2 death yaks (Lair:1)
  A naga sharpshooter (Snake:1)
  3 thrashing horrors (Lair:5)
  Urug (Lair:2)
  Amaemon (Lair:1)
  A shock serpent (Snake:1)
  A skyshark (Lair:5)
  A fire crab (shapeshifter) (Lair:5)
  4 sea snakes (Snake:1)
  2 goliath frogs
  A spriggan druid (Swamp:3)
  4 swamp dragons
  7 bog bodies
  A lindwurm (Lair:5)
  3 naga ritualists
  A spectral hydra (Lair:3)
  3 mana vipers (Snake:1)
  2 manticores (D:11)
  2 ugly things
  A will-o-the-wisp (Swamp:1)
  3 salamanders
  A cyclops (D:11)
  2 guardian serpents (Snake:1)
  8 elephants
  18 black mambas
  2 ice statues (IceCv)
  A smoke demon (Lair:5)
  3 naga magi
  A torpor snail (Lair:1)
  2 gargoyles (D:10)
  Maggie (Lair:2)
  3 large abominations (Lair:5)
  9 cane toads
  2 rime drakes
  An orange demon (Lair:1)
  3 komodo dragons
  7 ice devils
  2 ancient zymes (Lair:5)
  2 trolls
  A bloated husk (Swamp:3)
  9 tyrant leeches
  10 hornets
  5 dream sheep (Lair:3)
  14 small abominations (Lair:5)
  20 blink frogs
  A spectral dream sheep (Lair:3)
  A spectral lindwurm (Lair:3)
  8 spriggans
  A shadow (D:11)
  A jumping spider (shapeshifter) (Lair:5)
  A vampire (D:11)
  2 dire elephant simulacra (IceCv)
  37 yaks
  3 wraiths
  3 wyverns
  3 ynoxinuls (Lair:5)
  5 basilisks
  A hog (Lair:4)
  4 fire elementals (Snake:1)
  2 steam dragons
  A death yak simulacrum (IceCv)
  11 swamp worms
  13 nagas
  A spectral cane toad (Lair:3)
  A water moccasin (shapeshifter) (Lair:5)
  A harpy simulacrum (IceCv)
  4 wargs (D:9)
  Duvessa (D:5)
  3 hell hounds
  15 water moccasins
  2 acid dragons (D:11)
  2 hydra simulacra (IceCv)
  8 orc warriors
  2 ice beasts
  4 black bears
  2 ogres (D:6)
  A spectral rime drake (Lair:3)
  18 centaurs
  2 kobold brigands
  Blork the orc (D:5)
  11 bullfrogs
  4 scorpions
  A gnoll sergeant (D:10)
  A cane toad simulacrum (IceCv)
  A necrophage (Swamp:3)
  2 two-headed ogre simulacra (IceCv)
  A water moccasin zombie (Ossuary)
  Dowan (D:5)
  17 killer bees
  An elephant simulacrum (IceCv)
  A howler monkey (D:5)
  6 electric eels
  2 bullfrog zombies (Ossuary)
  3 centaur zombies (Ossuary)
  A gnoll bouda (D:7)
  8 orc priests
  6 jellies
  5 hounds
  2 iguanas (D:7)
  9 orc wizards
  4 hell rats (Lair:3)
  A polar bear simulacrum (IceCv)
  3 troll simulacra (IceCv)
  A killer bee zombie (Ossuary)
  A wolf simulacrum (IceCv)
  20 mummies (Ossuary)
  5 howler monkey zombies (Ossuary)
  5 adders
  10 gnolls
  3 naga simulacra (IceCv)
  A shadow imp (D:7)
  4 white imps
  An ufetubus (IceCv)
  4 worms
  A dart slug (D:3)
  39 orcs
  7 ball pythons
  4 bats
  4 endoplasms
  2 giant cockroaches
  6 hobgoblins
  7 jackals
  A quokka (D:1)
  2 frilled lizards
  8 goblins
  11 kobolds
  4 rats
614 creatures vanquished.

Vanquished Creatures (collateral kills)
  An elephant (Lair:5)
1 creature vanquished.

Vanquished Creatures (others)
  2 spriggans (Swamp:1)
  A will-o-the-wisp (Swamp:1)
  2 hornets (Swamp:1)
  A human (Lair:4)
  A jelly (Lair:4)
  An orc wizard (D:9)
  34 fungi
  58 plants
  5 withered plants (Ossuary)
105 creatures vanquished.

Grand Total: 720 creatures vanquished

Notes
Turn   | Place    | Note
-------+----------+-------------------------------------------
     0 | D:1      | NateTC the Gargoyle Earth Elementalist began the quest for
                  | the Orb.
     0 | D:1      | Reached XP level 1. HP: 10/10 MP: 3/3
   365 | D:1      | Reached skill level 1 in Transmutations
   711 | D:1      | Reached XP level 2. HP: 15/15 MP: 3/5
  1148 | D:1      | Identified a scroll of acquirement
  1148 | D:1      | Acquired 874 gold pieces
  1227 | D:2      | Reached XP level 3. HP: 19/19 MP: 4/6
  1274 | D:2      | Learned a level 3 spell: Stone Arrow
  1381 | D:2      | Reached skill level 1 in Conjurations
  1383 | D:2      | Reached skill level 2 in Conjurations
  1386 | D:2      | Reached XP level 4. HP: 18/24 MP: 2/7
  1836 | D:2      | Reached skill level 3 in Conjurations
  2035 | D:2      | Found a faded altar of an unknown god.
  2336 | D:3      | Found a sacrificial altar of Ru.
  2937 | D:3      | Reached XP level 5. HP: 16/28 MP: 4/8
  3167 | D:3      | Reached skill level 4 in Conjurations
  3190 | D:3      | Acquired the +1 helmet "Xeidghid" {rC+ MP+9 Str+4}
  3338 | D:4      | Found a shimmering altar of Xom.
  3347 | D:4      | Identified the +5 ring mail of the Engineer {-Tele Int+3}
  3364 | D:4      | Reached skill level 5 in Earth Magic
  3367 | D:4      | Reached XP level 6. HP: 32/32 MP: 5/9
  3575 | D:4      | Noticed an ice beast
  3586 | D:4      | Killed an ice beast
  3830 | D:4      | Noticed a black bear
  3837 | D:4      | Killed a black bear
  3838 | D:4      | Reached skill level 5 in Conjurations
  4076 | D:4      | Found an opulent altar of Gozag.
  4077 | D:4      | Found a glowing silver altar of Zin.
  4078 | D:4      | Found a white marble altar of Elyvilon.
  4079 | D:4      | Found a snail-covered altar of Cheibriados.
  4128 | D:5      | Entered Level 5 of the Dungeon
  4135 | D:5      | Reached XP level 7. HP: 36/36 MP: 11/11
  4321 | D:5      | Found a sand-covered staircase.
  4326 | Ossuary  | Entered an ossuary
  4338 | Ossuary  | Reached skill level 6 in Conjurations
  4499 | Ossuary  | Reached XP level 8. HP: 41/41 MP: 0/13
  4978 | Ossuary  | Reached skill level 7 in Conjurations
  5284 | Ossuary  | Reached skill level 1 in Armour
  5630 | D:5      | Noticed Dowan
  5633 | D:5      | Noticed Duvessa
  5636 | D:5      | Killed Duvessa
  5656 | D:5      | Killed Dowan
  5698 | D:5      | Reached skill level 5 in Spellcasting
  5700 | D:5      | Reached XP level 9. HP: 45/45 MP: 15/16
  5961 | D:5      | Noticed Blork the orc
  5963 | D:5      | Killed Blork the orc
  6184 | D:5      | Found a sparkling altar of Nemelex Xobeh.
  6186 | D:5      | Found a basalt altar of Yredelemnul.
  6595 | D:5      | Learned a level 5 spell: Irradiate
  6795 | D:6      | Found Pothri's Antique Armour Shop.
  7075 | D:6      | Found a staircase to the Ecumenical Temple.
  7084 | Temple   | Entered the Ecumenical Temple
  7425 | D:6      | Found Anethruwk's Self-Improvement Boutique.
  7439 | D:6      | Bought a manual of Dodging for 880 gold pieces
  7876 | D:7      | Acquired a +6 ring of intelligence
  8094 | D:7      | Found Ruomogij's Overcharged Wands.
  8339 | D:8      | Reached XP level 10. HP: 50/50 MP: 14/20
  8461 | D:8      | Reached skill level 1 in Air Magic
  8635 | D:8      | Reached skill level 5 in Dodging
  8966 | D:8      | Noticed a two-headed ogre
  8992 | D:8      | Learned a level 4 spell: Summon Lightning Spire
  9005 | D:8      | Killed a two-headed ogre
  9006 | D:8      | Reached skill level 1 in Summonings
  9006 | D:8      | Reached skill level 5 in Transmutations
  9141 | D:8      | Learned a level 3 spell: Mephitic Cloud
  9154 | D:8      | Reached skill level 8 in Conjurations
  9948 | D:9      | Reached skill level 9 in Conjurations
  9948 | D:9      | Reached XP level 11. HP: 46/54 MP: 9/21
 10177 | D:9      | Found a staircase to the Orcish Mines.
 10313 | D:9      | Noticed a two-headed ogre
 10318 | D:9      | Killed a two-headed ogre
 10448 | D:9      | Found a bloodstained altar of Trog.
 10448 | D:9      | Found a radiant altar of Vehumet.
 10477 | D:9      | Became a worshipper of Vehumet
 10977 | D:9      | Reached skill level 10 in Conjurations
 11226 | D:10     | Entered Level 10 of the Dungeon
 11228 | D:10     | Noticed a two-headed ogre
 11231 | D:10     | Killed a two-headed ogre
 11391 | D:10     | Found a flagged portal.
 11434 | Bailey   | Entered a bailey
 11516 | Bailey   | Reached * piety under Vehumet
 11516 | Bailey   | Offered knowledge of Kiss of Death by Vehumet.
 11992 | Bailey   | Reached skill level 11 in Conjurations
 12379 | Bailey   | Identified the +3 executioner's axe of Dishonour {heavy,
                  | Int+2}
 12380 | Bailey   | Identified the +2 quarterstaff "Ziatu" {heavy, rF+ Int+5
                  | Stlth-}
 12641 | D:10     | Got the Spellbook of the Evolved Autopsy
 13208 | D:10     | Found a large runed translucent door.
 13209 | D:10     | Found a large runed translucent door.
 13235 | D:10     | Offered knowledge of Scorch by Vehumet.
 13318 | D:10     | Found an ancient bone altar of Kikubaaqudgha.
 13326 | D:10     | Found a hazy altar of Hepliaklqana.
 13384 | D:11     | Noticed a green ugly thing
 13384 | D:11     | Noticed a manticore
 13603 | D:11     | Killed a manticore
 13603 | D:11     | Reached ** piety under Vehumet
 13604 | D:11     | Reached skill level 1 in Fighting
 13622 | D:11     | Killed a green ugly thing
 13623 | D:11     | Reached XP level 12. HP: 62/62 MP: 16/23
 13953 | D:11     | Found a staircase to the Lair.
 14149 | D:11     | HP: 3/64 [cyclops/large rock (22)]
 14439 | Lair:1   | Entered Level 1 of the Lair of Beasts
 14480 | Lair:1   | Noticed Amaemon
 14501 | Lair:1   | Killed Amaemon
 15106 | Lair:1   | Reached skill level 5 in Fighting
 15109 | Lair:1   | Reached skill level 1 in Evocations
 15283 | Lair:1   | Noticed a death yak
 15283 | Lair:1   | Noticed a death yak
 15313 | Lair:1   | Killed a death yak
 15316 | Lair:1   | Killed a death yak
 15566 | Lair:1   | Found a sparkling altar of Nemelex Xobeh.
 15573 | Lair:1   | Offered knowledge of Hailstorm by Vehumet.
 15958 | Lair:1   | Reached *** piety under Vehumet
 16027 | Lair:1   | Identified the +9 dagger "Arcanum" {freeze, *Noise rElec
                  | Str+3 Int+4}
 16230 | Lair:2   | Noticed a four-headed hydra
 16237 | Lair:2   | Killed a four-headed hydra
 16415 | Lair:2   | Reached XP level 13. HP: 76/76 MP: 25/26
 16535 | Lair:2   | Learned a level 3 spell: Hailstorm
 16554 | Lair:2   | Offered knowledge of Volatile Blastmotes by Vehumet.
 16569 | Lair:2   | Noticed Maggie
 16571 | Lair:2   | Noticed Urug
 16750 | Lair:2   | Killed Urug
 16932 | Lair:2   | Learned a level 8 spell: Lehudib's Crystal Spear
 16937 | Lair:2   | Learned a level 4 spell: Passage of Golubria
 16968 | Lair:2   | Killed Maggie
 17534 | Lair:3   | Found a staircase to the Snake Pit.
 18035 | Lair:3   | Found a staircase to the Swamp.
 18096 | Lair:3   | Reached **** piety under Vehumet
 18803 | Lair:4   | Reached skill level 12 in Conjurations
 18808 | Lair:4   | Gained mutation: Potions are less effective at restoring
                  | your health. [mutagenic glow]
 18872 | Lair:4   | Noticed Kirke
 18880 | Lair:4   | Killed Kirke
 18998 | Lair:4   | Offered knowledge of Iskenderun's Battlesphere by Vehumet.
 19042 | Lair:4   | Found a staircase to the Slime Pits.
 19043 | Lair:4   | Found a viscous altar of Jiyva.
 19061 | Lair:4   | Found a gate leading to a gauntlet.
 19121 | Gauntlet | Entered a Gauntlet
 19121 | Gauntlet | Found a transporter.
 19121 | Gauntlet | Found a transporter.
 19121 | Gauntlet | Found a transporter.
 19122 | Gauntlet | Found a transporter.
 19123 | Gauntlet | Found a transporter.
 19126 | Gauntlet | Found a transporter.
 19130 | Gauntlet | Found a runed translucent door.
 19132 | Gauntlet | Found a transporter.
 19134 | Gauntlet | Found a transporter.
 19135 | Gauntlet | Found a transporter.
 19137 | Gauntlet | Found a transporter.
 19141 | Gauntlet | Noticed a quicksilver ooze
 19145 | Gauntlet | Found a transporter.
 19151 | Gauntlet | Found a transporter.
 19228 | Gauntlet | Found a runed translucent door.
 19333 | Lair:4   | Reached skill level 10 in Earth Magic
 19435 | Lair:4   | Noticed Rupert
 19446 | Lair:4   | Killed Rupert
 20135 | Lair:5   | Entered Level 5 of the Lair of Beasts
 20336 | Lair:5   | Found a frozen archway.
 20340 | Lair:5   | Reached skill level 10 in Spellcasting
 20351 | IceCv    | Entered an ice cave
 20861 | IceCv    | Gained mutation: Your large and strong wings let you fly.
                  | [Gargoyle growth]
 20861 | IceCv    | Reached XP level 14. HP: 84/84 MP: 28/28
 21469 | IceCv    | Noticed a reaper
 21494 | IceCv    | Killed a reaper
 21495 | IceCv    | Reached skill level 13 in Conjurations
 21869 | Lair:5   | Reached ***** piety under Vehumet
 22042 | Lair:5   | Offered knowledge of Flame Wave by Vehumet.
 22710 | Lair:5   | Learned a level 5 spell: Borgnjor's Vile Clutch
 23073 | Lair:5   | Reached skill level 1 in Necromancy
 23302 | Lair:5   | Reached skill level 14 in Conjurations
 23442 | Lair:5   | Found a corrupted altar of Lugonu.
 23442 | Lair:5   | Found a one-way gate to the infinite horrors of the Abyss.
 23456 | Lair:5   | Identified the +1 dagger "Worm's Wrath" {speed, rElec}
 24250 | Snake:1  | Entered Level 1 of the Snake Pit
 24791 | Snake:1  | Found Imaodiom's Weapon Emporium.
 24795 | Snake:1  | Found Imoy's General Store.
 25187 | Snake:1  | Reached XP level 15. HP: 78/90 MP: 18/29
 25462 | Snake:1  | Offered knowledge of Yara's Violent Unravelling by Vehumet.
 25653 | Snake:1  | Reached skill level 15 in Conjurations
 26074 | Snake:1  | Bought a wand of digging (4) for 336 gold pieces
 26074 | Snake:1  | Bought a potion of curing for 60 gold pieces
 26074 | Snake:1  | Bought a scroll of summoning for 190 gold pieces
 27782 | Snake:2  | Noticed Azrael
 28081 | Snake:2  | Killed Azrael
 28364 | Swamp:1  | Entered Level 1 of the Swamp
 28375 | Swamp:1  | Noticed Nikola
 29030 | Swamp:1  | Noticed a fenstrider witch
 29278 | Swamp:1  | Paralysed by a fenstrider witch for 2 turns
 29283 | Swamp:1  | Killed Nikola
 29284 | Swamp:1  | Reached skill level 15 in Earth Magic
 29293 | Lair:3   | Killed a fenstrider witch
 29294 | Lair:3   | Reached skill level 16 in Conjurations
 30669 | D:6      | Bought a pitted leather armour for 133 gold pieces
 30669 | D:6      | Identified the +2 leather armour of Indomitability {rElec
                  | rN+ Will- Dex+2} (You bought it in a shop on level 6 of the
                  | Dungeon)
 30899 | Lair:4   | Learned a level 5 spell: Freezing Cloud
 31197 | Swamp:1  | Reached skill level 1 in Shields
 31953 | Swamp:2  | Reached XP level 16. HP: 62/96 MP: 18/30
 32593 | Swamp:3  | Noticed a thorn hunter
 32599 | Swamp:3  | Killed a thorn hunter
 32915 | Swamp:3  | Reached skill level 5 in Shields
 33960 | Swamp:3  | Noticed a thorn hunter
 33971 | Swamp:3  | Killed a thorn hunter
 33975 | Swamp:3  | Constricted to death by a shambling mangrove

Illustrated notes

Levels and vault maps discovered:
D:1:      dpeg_arrival_oval, layout_basic, minmay_hexomino_u4
D:2:      layout_loops_ring, shapermc_ecumenical_altar_mp_highgroup
D:3:      layout_loops_ring, lemuel_tele_altar
D:4:      layout_cave_pools, overflow_temple_1_default,
          mainiacjoe_overflow_alcove_3, grunt_ministairs_3
D:5:      layout_loops_ring, mainiacjoe_overflow_catwalk_spiral,
          portal_sewer_entry_d, enter_ossuary_2, bh_walls_and_bars,
          uniq_blork_the_orc, uniq_duvessa
D:6:      layout_basic, temple_hall, serial_shops, shop, minivault_5,
          nicolae_shop_self_help
D:7:      layout_basic, nicolae_shop_overcharged_wands
D:8:      layout_cave_pools, grunt_decor_junction
D:9:      cheibrodos_helix_gallery, layout_loops_ring, jmf_multi_god_temple,
          minmay_orc_entry_guard_dogs, mrwooster_statue_mirror
D:10:     layout_loops_ring, jmf_multi_god_temple2, enter_bailey_3
D:11:     layout_long_grid, lair_entry_dummy
Temple:   dpeg_chambers_temple
Lair:1:   layout_cellular_growth, lemuel_centaur_altar, uniq_amaemon
Lair:2:   layout_cave_shapes, uniq_urug, uniq_maggie
Lair:3:   layout_regular_city, nicolae_swamp_entry_spooky,
          guppyfry_snake_entry_garden
Lair:4:   layout_regular_city, nicolae_slime_entry_slimehenge,
          gauntlet_entry_generic, beast_lair_carwin_11, grunt_megastairs_4,
          uniq_kirke, uniq_rupert
Lair:5:   hellmonk_lair_end_abyssal_woods, layout_cave_pods,
          portal_ice_cave_demonic_guard, nicolae_volcano_entry_vermiform
Swamp:1:  layout_basic_swamp, nicolae_swamp_oxbows, swamp_pool1, uniq_nikola
Swamp:2:  layout_falls_marsh, evilmike_swamp_ruin_house_5, swamp_pool1
Swamp:3:  nicolae_swamp_phyte_club, layout_basic_swamp, nicolae_swamp_bean_lake,
          nicolae_swamp_round_clearing
Snake:1:  layout_layer_cave, serial_bayou_lake_a, grunt_megastairs_3,
          lemuel_fruit_tree, minmay_shoptagon
Snake:2:  layout_rooms, serial_shops, shop, drop_trap,
          nicolae_snake_gridmaze_squiggle, uniq_vashnia, uniq_azrael,
          uniq_asterion

Skill      XL: |  1  2  3  4  5  6  7  8  9 10 11 12 13 14 15 16 |
---------------+-------------------------------------------------+-----
Transmutations | 1 3 6 8 |  8.3
Earth Magic    | 4 5 6 7 8 10 13 15 | 15.3
Conjurations   | 2 3 4 5 6 7 9 11 12 14 16 | 16.1
Spellcasting   | 3 5 6 7 9 10 11 | 11.6
Armour         | 3 |  3.0
Dodging        | 4 5 7 |  7.9
Air Magic      | 3 |  3.5
Summonings     | 2 |  2.1
Fighting       | 2 6 8 9 |  9.0
Evocations     | 2 3 |  3.2
Necromancy     | 2 4 |  4.8
Shields        | 3 6 |  6.1
Stealth        | |  2.1

Action                     |  1- 3 |  4- 6 |  7- 9 | 10-12 | 13-15 | 16-18 || total
---------------------------+-------+-------+-------+-------+-------+-------++-------
  Melee: Unarmed           |       |    13 |     3 |       |       |       ||    16
         Staff             |       |       |       |       |     8 |     2 ||    10
   Cast: Sandblast         |    36 |    58 |    32 |    10 |    10 |       ||   146
         Stone Arrow       |       |    16 |   146 |   322 |   616 |    38 ||  1138
         Irradiate         |       |       |       |    14 |    84 |     4 ||   102
         Hailstorm         |       |       |       |       |    18 |       ||    18
         Passage of Golubr |       |       |       |       |     1 |       ||     1
         Borgnjor's Vile C |       |       |       |       |     3 |    27 ||    30
         Summon Lightning  |       |       |       |       |     2 |       ||     2
         Freezing Cloud    |       |       |       |       |     2 |    18 ||    20
    Use: Scroll            |     5 |     6 |    10 |    11 |     5 |     3 ||    40
         Potion            |       |       |     1 |     4 |     1 |       ||     6
 Armour: Robe              |     4 |     8 |    22 |    62 |   211 |     6 ||   313
  Dodge: Dodged            |     3 |    23 |    50 |   132 |   427 |    26 ||   661
         Repelled          |       |       |     1 |    11 |    20 |     2 ||    34
  Block: Buckler           |       |       |       |       |     5 |     9 ||    14

Table legend: (Time is in decaauts)
 A = Elapsed time spent in this place.
 B = Non-inter-level travel time spent in this place.
 C = Inter-level travel time spent in this place.
 D = Time resting spent in this place.
 E = Time spent auto-exploring this place.
 F = Levels seen in this place.
 G = Mean time per level.
                   A        B        C        D        E       F      G
               +--------+--------+--------+--------+--------+-----+--------+
         Total |  34214 |  32949 |   1265 |  16525 |   6154 |  26 | 1315.9 |
       Dungeon |  12339 |  11659 |    680 |   4439 |   3282 |  11 | 1121.7 |
        Temple |    205 |    194 |     11 |      0 |    186 |   1 |  205.0 |
          Lair |   9574 |   9188 |    386 |   4966 |   1648 |   5 | 1914.8 |
         Swamp |   4135 |   4050 |     85 |   2331 |    403 |   3 | 1378.3 |
     Snake Pit |   4007 |   3905 |    102 |   2261 |    373 |   2 | 2003.5 |
       Ossuary |   1322 |   1322 |      0 |    980 |    122 |   1 | 1322.0 |
        Bailey |   1085 |   1085 |      0 |    587 |     40 |   1 | 1085.0 |
      Ice Cave |   1341 |   1341 |      0 |    960 |      5 |   1 | 1341.0 |
      Gauntlet |    202 |    202 |      0 |      0 |     94 |   1 |  202.0 |
               +--------+--------+--------+--------+--------+-----+--------+

Top non-repeatable levels by time:
 Snake:1: 3775 daAuts
  Lair:3: 2709 daAuts
  Lair:5: 2607 daAuts
  Lair:1: 1870 daAuts
 Swamp:1: 1834 daAuts
 Swamp:3: 1652 daAuts
     D:8: 1513 daAuts
  Lair:4: 1462 daAuts
     D:9: 1366 daAuts
   IceCv: 1341 daAuts
 Ossuary: 1322 daAuts
     D:5: 1249 daAuts
    D:10: 1202 daAuts
     D:1: 1192 daAuts
    D:11: 1177 daAuts
